 Dungeon Crawl Stone Soup version 0.29-a0-468-ge57f7f99b4 (webtiles) character file.

Game seed: 14666386528045232173

177 Zdeegee the Covered (level 5, -1/47 HPs)
             Began as a Minotaur Fighter on May 21, 2022.
             Slain by Grinder (5 damage)
             ... on level 3 of the Dungeon.
             The game lasted 00:02:40 (2846 turns).

Zdeegee the Covered (Minotaur Fighter)              Turns: 2846, Time: 00:02:41

Health: -1/47      AC:  7    Str: 22    XL:     5   Next: 31%
Magic:  4/4        EV:  9    Int:  5    God:
Gold:   80         SH:  4    Dex: 10    Spells: 4/4 levels left

rFire   . . .      SeeInvis .   a - +0 war axe
rCold   . . .      Faith    .   c - +0 buckler
rNeg    . . .      Spirit   .   b - +0 scale mail
rPois   .          Reflect  .   (helmet restricted)
rElec   .          Harm     .   (no cloak)
rCorr   .          Rampage  .   (no gloves)
Will    .....                   (no boots)
Stlth   ..........              (no amulet)
HPRegen 0.15/turn               (no ring)
MPRegen 0.09/turn               (no ring)

@: mighty
A: horns 2, retaliatory headbutt
a: no special abilities


You were on level 3 of the Dungeon.
You visited 1 branch of the dungeon, and saw 3 of its levels.

You collected 80 gold pieces.

Inventory:

Hand Weapons
 a - a +0 war axe (weapon)
 n - a +0 hunting sling
Missiles
 o - 86 stones (quivered)
Armour
 b - a +0 scale mail (worn)
 c - a +0 buckler (worn)
Wands
 m - a wand of flame (18)
Scrolls
 e - a scroll of poison {unknown}
 f - a scroll of blinking {unknown}
 j - a scroll of noise {unknown}
 k - a scroll of identify {unknown}
 p - a scroll of enchant armour {unknown}
 q - a scroll of teleportation {unknown}
 r - a scroll of fear {unknown}
Potions
 d - 3 potions of might
 g - a potion of haste {unknown}
 h - a potion of degeneration {unknown}
 i - 2 potions of flight {unknown}
 l - a potion of lignification {unknown}


   Skills:
 * Level 4.5 Fighting
 + Level 3.2 Axes
 * Level 4.9 Armour
 + Level 0.1 Dodging
 * Level 4.4 Shields
 * Level 0.8 Invocations
 * Level 1.6 Evocations


You had 4 spell levels left.
You didn't know any spells.
Your spell library was empty.

Dungeon Overview and Level Annotations

Branches:
Dungeon (3/15)

Altars:

Annotations:
D:3 Grinder


Innate Abilities, Weirdness & Mutations

You have a pair of horns on your head.
You reflexively headbutt those who attack you in melee.


Message History

You start resting.
HP restored.
Sorry, you're not good enough to have a special ability.
You feel very mighty all of a sudden.
You climb downwards.
Level annotation: Grinder Grinder gestures at you.
You barely resist.
There is a stone staircase leading up here.
Grinder hits you!
You writhe in agony.
You closely miss Grinder. Your headbutt misses Grinder.
Grinder gestures at you.
You suddenly lose the ability to move!
Grinder hits you but does no damage. Grinder gestures at you.
Pain shoots through your body!
Grinder says, "FISH!"
Grinder gestures at you.
You barely resist.
You can move again.
You closely miss Grinder. Grinder barely misses you. You furiously retaliate!
You headbutt Grinder! You slash Grinder!
Grinder is heavily wounded.
Grinder gestures at you.
You shrug off the repeated paralysis!
Grinder hits you.
* * * LOW HITPOINT WARNING * * *
You writhe in agony.
* * * LOW HITPOINT WARNING * * *
You slice Grinder!! Your headbutt misses Grinder.
Grinder is almost dead.
Grinder blinks!
Grinder blinks!
Grinder completely misses you.
You closely miss Grinder.
Grinder is almost dead.
Grinder hits you!
* * * LOW HITPOINT WARNING * * *
You writhe in agony.
You die...

#.# #.# #.# #.# ######.##
################# #.......#
#...#.)).........
#.......####.#5#.###†###########
#....†..'....#<@..##.......g....
#.......######.#..##8.###8.###8(
#............#.#.§##### #### ###
#######...<..#.#..#
#.######.#..# #.. ..#### ####
###


You could see Grinder.

Vanquished Creatures
  Natasha (thrice) (D:2)
  Robin (D:3)
  2 gnolls (D:1)
  An adder (D:2)
  3 dart slugs
  6 ball pythons
  6 endoplasms
  15 goblins
  7 hobgoblins
  A quokka (D:2)
  3 bats
  A frilled lizard (D:1)
  4 kobolds
  3 rats
56 creatures vanquished.

Vanquished Creatures (others)
  6 plants (D:1)
6 creatures vanquished.

Grand Total: 62 creatures vanquished

Notes
Turn   | Place    | Note
-------+----------+-------------------------------------------
     0 | D:1      | Zdeegee the Minotaur Fighter began the quest for the Orb.
     0 | D:1      | Reached XP level 1. HP: 19/19 MP: 0/0
   163 | D:1      | Reached XP level 2. HP: 13/27 MP: 1/1
   421 | D:1      | Found a faded altar of an unknown god.
   434 | D:1      | Reached XP level 3. HP: 33/33 MP: 2/2
  1296 | D:2      | Noticed Natasha
  1299 | D:2      | Killed Natasha
  1300 | D:2      | Reached XP level 4. HP: 29/40 MP: 3/3
  1350 | D:2      | Noticed Natasha
  1356 | D:2      | Killed Natasha
  1357 | D:2      | Reached skill level 1 in Evocations
  1625 | D:2      | Noticed Natasha
  1632 | D:2      | Killed Natasha
  1633 | D:2      | Reached XP level 5. HP: 6/47 MP: 4/4
  2698 | D:3      | Noticed Grinder
  2698 | D:3      | Noticed Robin
  2705 | D:3      | Killed Robin
  2837 | D:3      | Paralysed by Grinder for 4 turns
  2846 | D:3      | Slain by Grinder

Illustrated notes

Levels and vault maps discovered:
D:1:      dpeg_cavernosity, layout_basic, ebering_ecumenical_altar_petrified,
          serial_forest, infiniplex_forest_clump_diagonal,
          infiniplex_forest_clump_double, infiniplex_forest_lined_3_way,
          infiniplex_forest_end_double, infiniplex_forest_lined_2,
          infiniplex_forest_clump_diagonal, infiniplex_forest_zigzag_1,
          minmay_misc_feat_more_columns
D:2:      layout_loops_corners, bh_walls_and_bars, uniq_natasha
D:3:      wad_river_or_something, layout_basic, okawaru_gym_becter,
          uniq_grinder, uniq_robin

Skill      XL: |  1  2  3  4 |
---------------+-------------+-----
Armour         | 4 |  4.9
Fighting       | 4 |  4.5
Shields        | 4 |  4.4
Axes           | 3 |  3.2
Evocations     | 1 |  1.6
Dodging        | |  0.1
Invocations    | |  0.8

Action                   |  1- 3 |  4- 6 || total
-------------------------+-------+-------++-------
Melee: War axe           |    49 |    59 ||   108
       Headbutt          |     7 |     9 ||    16
  Use: Potion            |       |     1 ||     1
Armor: Scale mail        |    21 |    29 ||    50
Dodge: Dodged            |    20 |    35 ||    55
Block: Buckler           |     9 |    18 ||    27

Table legend: (Time is in decaauts)
 A = Elapsed time spent in this place.
 B = Non-inter-level travel time spent in this place.
 C = Inter-level travel time spent in this place.
 D = Time resting spent in this place.
 E = Time spent auto-exploring this place.
 F = Levels seen in this place.
 G = Mean time per level.
                   A        B        C        D        E       F      G
               +--------+--------+--------+--------+--------+-----+--------+
         Total |   2898 |   2844 |     54 |    545 |   1903 |   3 |  966.0 |
       Dungeon |   2898 |   2844 |     54 |    545 |   1903 |   3 |  966.0 |
               +--------+--------+--------+--------+--------+-----+--------+

Top non-repeatable levels by time:
     D:2: 1622 daAuts
     D:1: 1099 daAuts
     D:3: 177 daAuts
